SAAA
VERMONT LAKE MONSTERS @ TORTOLITA DRUMMERS
09/01/2032
 
TOP OF THE 1ST
Vermont Lake Monsters batting - Pitching for Tortolita Drummers : RHP Oswaldo Mobray
Pitching: RHP Oswaldo Mobray
Batting: SHB Robert La Caze 0-0: Ground out 1-3 (Groundball, 15S)
Batting: RHB Ramón Degollado 0-0: Fly out, F7 (Flyball, 7D)
Batting: LHB Manuel Núñez 0-0: Ball
1-0: Ball
2-0: Ball
3-0: Base on Balls
Batting: RHB Kasper Schuilenberg 0-0: Ball
1-0: Ball
2-0: Called Strike
2-1: Ball
3-1: Foul Ball, location: 2F
3-2: Strikes out swinging
Top of the 1st over - 0 runs, 0 hits, 0 errors, 1 left on base; Vermont 0 - Tortolita 0
BOTTOM OF THE 1ST
Tortolita Drummers batting - Pitching for Vermont Lake Monsters : RHP Gerry Fleck
Pitching: RHP Gerry Fleck
Batting: RHB Lu-fang Koo 0-0: Bunted foul
0-1: Ball
1-1: Ball
2-1: Ball
3-1: Foul Ball, location: 2F
3-2: Ground out 4-3 (Groundball, 4)
Batting: RHB Ricardo Pacheco 0-0: SINGLE (Groundball, 56D)
Batting: SHB Robby Day 0-0: Called Strike
Ricardo Pacheco steals 2nd base
0-1: Ball
1-1: Swinging Strike
1-2: Ball
2-2: Ball
3-2: Base on Balls
Batting: SHB Roberto Mosca 0-0: Swinging Strike
0-1: Ball
1-1: SINGLE (Flyball, 89S)
Ricardo Pacheco to third
Robby Day to second
Runner from 3rd tries for Home, SAFE, no throw
Batting: RHB Dave Sienna 0-0: Ball
1-0: DOUBLE (Line Drive, 78XD)
Robby Day scores
Roberto Mosca to third
Batting: RHB Vincent Klein 0-0: Ball
1-0: Ball
2-0: Foul Ball, location: 2F
2-1: SINGLE (Line Drive, 78M)
Roberto Mosca scores
Dave Sienna to third
Runner from 3rd tries for Home, SAFE, throw made home
Batting: SHB Marcos Roa 0-0: Ball
1-0: Foul Ball, location: 2F
1-1: Swinging Strike
1-2: Foul Ball, location: 2F
1-2: Ground out 4-3 (Groundball, 4MS)
Vincent Klein to second
Batting: SHB Anthony Hopkins 0-0: Ball
1-0: Ball
2-0: Hit by Pitch
Batting: RHB Yifu Chen 0-0: SINGLE (Groundball, 34S) (infield hit)
Vincent Klein to third
Anthony Hopkins to second
Batting: RHB Lu-fang Koo 0-0: Called Strike
0-1: Ball
1-1: Called Strike
1-2: Ball
2-2: Ball
3-2: Fly out, F4 (Line Drive, 4M)
Bottom of the 1st over - 4 runs, 5 hits, 0 errors, 3 left on base; Vermont 0 - Tortolita 4
TOP OF THE 2ND
Vermont Lake Monsters batting - Pitching for Tortolita Drummers : RHP Oswaldo Mobray
Batting: LHB Carlos Germán 0-0: SINGLE (Flyball, 78S)
Batting: RHB José Vázquez 0-0: Foul Ball, location: 2F
0-1: Called Strike
0-2: Foul Ball, location: 2F
0-2: Strikes out swinging
Batting: RHB Showander Descarte 0-0: Ball
1-0: Ball
2-0: Foul Ball, location: 2F
2-1: Called Strike
2-2: Ball
3-2: Foul Ball, location: 2F
3-2: Fly out, F4 (Popup, 3D)
Batting: LHB Gilberto Jiménez 0-0: Ball
1-0: Ball
2-0: Ball
3-0: Base on Balls
Carlos Germán to second
Batting: RHB Cosmo Castanhedo 0-0: Ball
1-0: Ball
2-0: Called Strike
2-1: Ball
3-1: Called Strike
3-2: Base on Balls
Carlos Germán to third
Gilberto Jiménez to second
Batting: SHB Robert La Caze 0-0: Foul Ball, location: 2F
0-1: Ground out 4-3 (Groundball, 4)
Top of the 2nd over - 0 runs, 1 hit, 0 errors, 3 left on base; Vermont 0 - Tortolita 4
BOTTOM OF THE 2ND
Tortolita Drummers batting - Pitching for Vermont Lake Monsters : RHP Gerry Fleck
Batting: RHB Ricardo Pacheco 0-0: Foul Ball, location: 2F
0-1: Foul Ball, location: 2F
0-2: Ball
1-2: Foul Ball, location: 2F
1-2: Foul Ball, location: 2F
1-2: Foul Ball, location: 2F
1-2: Ground out 4-3 (Groundball, 4M)
Batting: SHB Robby Day 0-0: Called Strike
0-1: Fly out, F8 (Flyball, 8LM)
Batting: SHB Roberto Mosca 0-0: Called Strike
0-1: Ball
1-1: Ground out 4-3 (Groundball, 4)
Bottom of the 2nd over - 0 runs, 0 hits, 0 errors, 0 left on base; Vermont 0 - Tortolita 4
TOP OF THE 3RD
Vermont Lake Monsters batting - Pitching for Tortolita Drummers : RHP Oswaldo Mobray
Batting: RHB Ramón Degollado 0-0: Swinging Strike
0-1: Ball
1-1: Swinging Strike
1-2: Ball
2-2: Foul Ball, location: 2F
2-2: Fly out, F8 (Flyball, 8RXD)
Batting: LHB Manuel Núñez 0-0: Called Strike
0-1: Foul Ball, location: 2F
0-2: Fly out, F3 (Popup, 23F)
Batting: RHB Kasper Schuilenberg 0-0: Called Strike
0-1: Fly out, F7 (Flyball, 7D)
Top of the 3rd over - 0 runs, 0 hits, 0 errors, 0 left on base; Vermont 0 - Tortolita 4
BOTTOM OF THE 3RD
Tortolita Drummers batting - Pitching for Vermont Lake Monsters : RHP Gerry Fleck
Batting: RHB Dave Sienna 0-0: Ground out 6-3 (Groundball, 6)
Batting: RHB Vincent Klein 0-0: Called Strike
0-1: Fly out, F8 (Flyball, 8RD)
Batting: SHB Marcos Roa 0-0: Ball
1-0: Ground out 6-3 (Groundball, 6)
Bottom of the 3rd over - 0 runs, 0 hits, 0 errors, 0 left on base; Vermont 0 - Tortolita 4
TOP OF THE 4TH
Vermont Lake Monsters batting - Pitching for Tortolita Drummers : RHP Oswaldo Mobray
Batting: LHB Carlos Germán 0-0: Fly out, F7 (Flyball, 7S)
Batting: RHB José Vázquez 0-0: Swinging Strike
0-1: Ball
1-1: Ball
2-1: Foul Ball, location: 2F
2-2: Ball
3-2: Strikes out swinging
Batting: RHB Showander Descarte 0-0: Ground out 5-3 (Groundball, 5)
Top of the 4th over - 0 runs, 0 hits, 0 errors, 0 left on base; Vermont 0 - Tortolita 4
BOTTOM OF THE 4TH
Tortolita Drummers batting - Pitching for Vermont Lake Monsters : RHP Gerry Fleck
Batting: SHB Anthony Hopkins 0-0: Called Strike
0-1: Ball
1-1: Ball
2-1: Ball
3-1: Ground out 6-3 (Groundball, 6)
Batting: RHB Yifu Chen 0-0: Ball
1-0: Ball
2-0: Foul Ball, location: 2F
2-1: Ball
3-1: Base on Balls
Batting: RHB Lu-fang Koo 0-0: Foul Ball, location: 2F
0-1: Ball
1-1: Called Strike
1-2: Ball
2-2: SINGLE (Line Drive, 4D)
Yifu Chen to second
Batting: RHB Ricardo Pacheco 0-0: Ball
1-0: Foul Ball, location: 2F
1-1: Ball
2-1: SINGLE (Groundball, 56S) (infield hit)
Yifu Chen to third
Lu-fang Koo to second
Batting: SHB Robby Day 0-0: Swinging Strike
0-1: Foul Ball, location: 2F
0-2: Ball
1-2: Ball
2-2: Foul Ball, location: 2F
2-2: Foul Ball, location: 2F
2-2: Grounds into double play, 4-6-3 (Groundball, 4)
Bottom of the 4th over - 0 runs, 2 hits, 0 errors, 2 left on base; Vermont 0 - Tortolita 4
TOP OF THE 5TH
Vermont Lake Monsters batting - Pitching for Tortolita Drummers : RHP Mike Desmond
Pitching: RHP Mike Desmond
Batting: LHB Gilberto Jiménez 0-0: Ball
1-0: Swinging Strike
1-1: Ground out 6-3 (Groundball, 6)
Batting: RHB Cosmo Castanhedo 0-0: Foul Ball, location: 2F
0-1: Foul Ball, location: 2F
0-2: Fly out, F7 (Line Drive, 7)
Batting: SHB Robert La Caze 0-0: Swinging Strike
0-1: Foul Ball, location: 2F
0-2: SINGLE (Groundball, 56) (infield hit)
Batting: RHB Ramón Degollado 0-0: Called Strike
0-1: Called Strike
Robert La Caze steals 2nd base
0-2: Ground out U3 (Groundball, 34)
Top of the 5th over - 0 runs, 1 hit, 0 errors, 1 left on base; Vermont 0 - Tortolita 4
BOTTOM OF THE 5TH
Tortolita Drummers batting - Pitching for Vermont Lake Monsters : RHP Gerry Fleck
Batting: SHB Roberto Mosca 0-0: Called Strike
0-1: Foul Ball, location: 2F
0-2: Foul Ball, location: 2F
0-2: Hit by Pitch
Batting: RHB Dave Sienna 0-0: Ground out 5-3 (Groundball, 56S)
Roberto Mosca to second
Batting: RHB Vincent Klein 0-0: Ground out 5-3 (Groundball, 56)
Batting: SHB Marcos Roa 0-0: Called Strike
0-1: Ball
1-1: Ball
2-1: DOUBLE (Line Drive, 89D)
Roberto Mosca scores
Batting: SHB Anthony Hopkins 0-0: Swinging Strike
0-1: Ball
1-1: Ball
2-1: Ball
3-1: Base on Balls
Pitching: RHP Pedro Álvarez
Batting: RHB Yifu Chen 0-0: Foul Ball, location: 2F
0-1: Foul Ball, location: 2F
0-2: Ball
1-2: Fielders Choice at 2nd, U6 (Groundball, 6M)
Bottom of the 5th over - 1 run, 1 hit, 0 errors, 2 left on base; Vermont 0 - Tortolita 5
TOP OF THE 6TH
Vermont Lake Monsters batting - Pitching for Tortolita Drummers : RHP Archibald Bridgestone
Pitching: RHP Archibald Bridgestone
Batting: LHB Manuel Núñez 0-0: Called Strike
0-1: Swinging Strike
0-2: Strikes out swinging
Batting: RHB Kasper Schuilenberg 0-0: Ball
1-0: Foul Ball, location: 2F
1-1: Foul Ball, location: 2F
1-2: Foul Ball, location: 2F
1-2: Foul Ball, location: 2F
1-2: Foul Ball, location: 2F
1-2: Foul Ball, location: 2F
1-2: Strikes out swinging
Batting: LHB Carlos Germán 0-0: Ball
1-0: Ball
2-0: Ball
3-0: Called Strike
3-1: Foul Ball, location: 2F
3-2: DOUBLE (Line Drive, 9LM)
Batting: RHB José Vázquez 0-0: Ball
1-0: Ball
2-0: Foul Ball, location: 2F
2-1: Ball
3-1: Base on Balls
Batting: RHB Showander Descarte 0-0: Hit by Pitch
Carlos Germán to third
José Vázquez to second
Batting: LHB Gilberto Jiménez 0-0: Called Strike
0-1: Swinging Strike
0-2: Foul Ball, location: 2F
0-2: Strikes out swinging
Top of the 6th over - 0 runs, 1 hit, 0 errors, 3 left on base; Vermont 0 - Tortolita 5
BOTTOM OF THE 6TH
Tortolita Drummers batting - Pitching for Vermont Lake Monsters : RHP Pedro Álvarez
Batting: RHB Lu-fang Koo 0-0: Foul Ball, location: 2F
0-1: Ball
1-1: Ball
2-1: Foul Ball, location: 2F
2-2: Foul Ball, location: 2F
2-2: Strikes out swinging
Batting: RHB Ricardo Pacheco 0-0: Called Strike
0-1: Ball
1-1: Called Strike
1-2: Strikes out looking
Batting: SHB Robby Day 0-0: Ball
1-0: Ground out 5-3 (Groundball, 56)
Bottom of the 6th over - 0 runs, 0 hits, 0 errors, 0 left on base; Vermont 0 - Tortolita 5
TOP OF THE 7TH
Vermont Lake Monsters batting - Pitching for Tortolita Drummers : RHP Archibald Bridgestone
Batting: RHB Cosmo Castanhedo 0-0: Ground out 6-3 (Groundball, 6)
Batting: SHB Robert La Caze 0-0: Called Strike
0-1: Ball
1-1: Ball
2-1: Called Strike
2-2: SINGLE (Groundball, 6M) (infield hit)
Batting: RHB Ramón Degollado 0-0: Ball
1-0: Ball
2-0: Foul Ball, location: 2F
2-1: SINGLE (Flyball, 9LS)
Robert La Caze to second
Runner from 2nd tries for 3rd, SAFE, no throw
Batting: LHB Manuel Núñez 0-0: Foul Ball, location: 2F
0-1: Ball
1-1: Foul Ball, location: 2F
1-2: Foul Ball, location: 2F
1-2: Ball
2-2: SINGLE (Line Drive, 3D)
Robert La Caze scores
Ramón Degollado to second
Runner from 2nd tries for 3rd, SAFE, throw made to third
Batting: RHB Kasper Schuilenberg 0-0: Ball
Manuel Núñez is caught stealing 2nd base
1-0: Ball
2-0: Ground out U3 (Groundball, 34)
Top of the 7th over - 1 run, 3 hits, 0 errors, 1 left on base; Vermont 1 - Tortolita 5
BOTTOM OF THE 7TH
Tortolita Drummers batting - Pitching for Vermont Lake Monsters : RHP Pedro Álvarez
Batting: SHB Roberto Mosca 0-0: Ball
1-0: Called Strike
1-1: Ball
2-1: Ball
3-1: SINGLE (Line Drive, 78S)
Batting: RHB Dave Sienna 0-0: DOUBLE (Flyball, 7LD)
Roberto Mosca to third
Runner from 3rd tries for Home, SAFE, no throw
Batting: RHB Vincent Klein 0-0: Ball
1-0: Foul Ball, location: 2F
1-1: Ball
2-1: DOUBLE (Flyball, 89XD)
Dave Sienna scores
Pitching: LHP Mike Brandner
Batting: SHB Marcos Roa 0-0: Called Strike
0-1: Ball
1-1: Ball
2-1: Swinging Strike
2-2: Ball
3-2: Foul Ball, location: 2F
3-2: Ground out 6-3 (Groundball, 6MS)
Vincent Klein to third
Batting: SHB Anthony Hopkins 0-0: Ball
1-0: Foul Ball, location: 2F
1-1: Ground out 6-3 (Groundball, 6S)
Batting: RHB Yifu Chen 0-0: Ball
1-0: Ball
2-0: Fly out, F9 (Flyball, 89S)
Bottom of the 7th over - 2 runs, 3 hits, 0 errors, 1 left on base; Vermont 1 - Tortolita 7
TOP OF THE 8TH
Vermont Lake Monsters batting - Pitching for Tortolita Drummers : RHP Archibald Bridgestone
Now at C: Eisse Cals
Batting: LHB Carlos Germán 0-0: Foul Ball, location: 2F
0-1: Ground out 6-3 (Groundball, 6)
Batting: RHB José Vázquez 0-0: Ball
1-0: Ball
2-0: Ball
3-0: Swinging Strike
3-1: Foul Ball, location: 2F
3-2: Foul Ball, location: 2F
3-2: Ground out 5-3 (Groundball, 5L)
Batting: RHB Showander Descarte 0-0: Swinging Strike
0-1: Called Strike
0-2: Foul Ball, location: 2F
0-2: Ball
1-2: Ball
2-2: Foul Ball, location: 2F
2-2: Strikes out swinging
Top of the 8th over - 0 runs, 0 hits, 0 errors, 0 left on base; Vermont 1 - Tortolita 7
BOTTOM OF THE 8TH
Tortolita Drummers batting - Pitching for Vermont Lake Monsters : LHP Mike Brandner
Batting: RHB Lu-fang Koo 0-0: Ball
1-0: Ball
2-0: Ball
3-0: Called Strike
3-1: Foul Ball, location: 2F
3-2: Foul Ball, location: 2F
3-2: Reached on error, E3 (Flyball, 3D)
Batting: RHB Ricardo Pacheco 0-0: Foul Ball, location: 2F
0-1: Ball
1-1: Ball
2-1: Foul Ball, location: 2F
2-2: Ball
3-2: SINGLE (Groundball, 56D)
Lu-fang Koo to second
Lu-fang Koo to third
Batting: SHB Robby Day 0-0: Foul Ball, location: 2F
0-1: Ball
1-1: Called Strike
1-2: Foul Ball, location: 2F
1-2: Ball
2-2: SINGLE (Flyball, 8LS)
Lu-fang Koo scores
Ricardo Pacheco to second
Runner from 2nd tries for 3rd, SAFE, no throw
Batting: SHB Roberto Mosca 0-0: Ball
1-0: Ball
2-0: Ball
3-0: Called Strike
3-1: Base on Balls
Robby Day to second
Batting: RHB Dave Sienna 0-0: Ball
1-0: Foul Ball, location: 2F
1-1: Called Strike
1-2: Strikes out swinging
Batting: RHB Eisse Cals 0-0: Called Strike
0-1: Ball
1-1: Foul Ball, location: 2F
1-2: Fly out, F2 (Popup, 2LF)
Batting: SHB Marcos Roa 0-0: Called Strike
0-1: Ball
1-1: Called Strike
1-2: Foul Ball, location: 2F
1-2: Ball
2-2: Foul Ball, location: 2F
2-2: Fielders Choice at 2nd, U6 (Groundball, 6M)
Bottom of the 8th over - 1 run, 2 hits, 1 error, 3 left on base; Vermont 1 - Tortolita 8
TOP OF THE 9TH
Vermont Lake Monsters batting - Pitching for Tortolita Drummers : RHP Archibald Bridgestone
Now at 3B: Santo Alba
Batting: LHB Gilberto Jiménez 0-0: Ball
1-0: Foul Ball, location: 2F
1-1: Ball
2-1: Ball
3-1: Swinging Strike
3-2: Base on Balls
Pitching: RHP Darius Baxa
Batting: RHB Cosmo Castanhedo 0-0: Ball
1-0: Ground out 3-1 (Groundball, 34S)
Gilberto Jiménez to second
Batting: SHB Robert La Caze 0-0: Ball
1-0: Ball
2-0: Called Strike
2-1: Ball
3-1: Base on Balls
Batting: RHB Ramón Degollado 0-0: Called Strike
0-1: Foul Ball, location: 2F
0-2: Strikes out swinging
Batting: LHB Manuel Núñez 0-0: Called Strike
0-1: Foul Ball, location: 2F
0-2: Strikes out swinging
Top of the 9th over - 0 runs, 0 hits, 0 errors, 2 left on base; Vermont 1 - Tortolita 8
Wednesday, September 19th, 2018 - OOTP Baseball 18.8 Build 76